 Dungeon Crawl Stone Soup version 0.31.0-11-ge490571c62 (webtiles) character file.

Game seed: 5393285897174460253

83 qw the Shooter (level 4, -4/25 HPs)
             Began as a Deep Elf Hunter on Feb 4, 2024.
             Slain by Terence
             ... wielding a +0 morningstar
              (13 damage)
             ... on level 2 of the Dungeon.
             The game lasted 00:00:05 (1088 turns).

qw the Shooter (Deep Elf Hunter)                    Turns: 1088, Time: 00:00:06

Health: -4/25      AC:  5    Str: 10    XL:     4   Next: 22%
Magic:  6/6        EV: 11    Int: 14    God:
Gold:   138        SH:  0    Dex: 18    Spells: 3/3 levels left

rFire   . . .        a - +0 shortbow
rCold   . . .        (shield currently unavailable)
rNeg    . . .        c - +0 ring mail
rPois   .            (no helmet)
rElec   .            (no cloak)
rCorr   .            (no gloves)
SInv    .            (no boots)
Will    .....        (no amulet)
Stlth   +            (no ring)
HPRegen 0.24/turn    (no ring)
MPRegen 0.10/turn

%: no passive effects
@: no status effects
A: no striking features
a: no special abilities


You were on level 2 of the Dungeon.
You visited 1 branch of the dungeon, and saw 2 of its levels.

You collected 138 gold pieces.


   Skills:
 - Level 1.5 Fighting
 + Level 7.6 Ranged Weapons
 - Level 2.4 Dodging
 - Level 1.2 Stealth


You had 3 spell levels left.
You didn't know any spells.
Your spell library was empty.

Inventory:

Hand Weapons
 a - a +0 shortbow (weapon)
Armour
 c - a +0 ring mail (worn)
Wands
 g - a wand of acid (7)
 i - a wand of charming (5)
Scrolls
 d - a scroll of fear {unknown}
 j - a scroll of poison {unknown}
Potions
 b - a potion of degeneration {unknown}
 e - 3 potions of curing
 f - a potion of brilliance {unknown}
 h - a potion of haste {unknown}

Dungeon Overview and Level Annotations

Branches:
Dungeon (2/15)

Altars:

Annotations:
D:2 Terence


Message History

An endoplasm comes into view.
You shoot an arrow. The arrow hits the endoplasm.
You kill the endoplasm!
h - a golden potion You now have 138 gold pieces (gained 18).
i - a wand of charming (5)
You see here a hobgoblin corpse.
Found a faded altar of an unknown god.
j - a scroll labelled YRPHUIHA FEUSO Terence the Incautious comes into view.
He is wielding a +0 morningstar.
Terence shouts!
You shoot an arrow. The arrow barely misses Terence.
You shoot an arrow. The arrow closely misses Terence.
You shoot an arrow. The arrow hits Terence.
Terence is lightly wounded.
You shoot an arrow.
The arrow hits Terence but does no damage.
Terence is lightly wounded.
You shoot an arrow. The arrow barely misses Terence.
Terence closely misses you.
You shoot an arrow.
The arrow hits Terence but does no damage.
Terence is lightly wounded.
Terence hits you with a +0 morningstar!
Ouch! That really hurt!
You shoot an arrow.
The arrow hits Terence but does no damage.
Terence is lightly wounded.
Terence misses you.
You shoot an arrow. The arrow hits Terence.
Terence is moderately wounded.
Terence bares his teeth.
Terence hits you with a +0 morningstar.
You shoot an arrow.
The arrow hits Terence but does no damage.
Terence is moderately wounded.
Terence hits you with a +0 morningstar!
Ouch! That really hurt!
You die...
Terence says, "Time to find some more victims."

#.......%..##.#..
.. #..##....#.#
.# ..
#........#.# ..
#........#.#
#..........#
#.###..###.#
#..........#
##...........
#....@@.###.##
#...........#
#........_..#
#............#
.....###[.###..
#####. ... . ##
####


You could see Terence.

Vanquished Creatures
  2 adders (D:2)
  A ribbon worm (D:2)
  A dart slug (D:1)
  5 ball pythons
  5 endoplasms
  4 giant cockroaches
  2 goblins
  7 hobgoblins
  5 kobolds
  2 quokkas
  2 bats (D:2)
  3 frilled lizards (D:2)
  22 rats
61 creatures vanquished.

Notes
Turn   | Place    | Note
-------+----------+-------------------------------------------
     0 | D:1      | qw the Deep Elf Hunter began the quest for the Orb.
     0 | D:1      | Reached XP level 1. HP: 12/12 MP: 3/3
     0 | D:1      | 0 ||| qw: Version: 0.3-a-160-g6735b56
     0 | D:1      | 0 ||| qw: Game counter: 5331
     0 | D:1      | 0 ||| qw: Melee chars always use a shield: true
     0 | D:1      | 0 ||| qw: God list: Okawaru
     0 | D:1      | 0 ||| qw: Allow faded altars: false
     0 | D:1      | 0 ||| qw: Do Orc after clearing Dungeon:15 true
     0 | D:1      | 0 ||| qw: Do second Lair branch before Depths: true
     0 | D:1      | 0 ||| qw: Lair rune preference: random
     0 | D:1      | 0 ||| qw: Goals: Normal
     0 | D:1      | 0 ||| PLANNING D:1-11
     6 | D:1      | You fall into a shaft and drop 1 floor!
    52 | D:2      | Reached skill level 6 in Ranged Weapons
    52 | D:2      | Reached XP level 2. HP: 10/16 MP: 4/4
    97 | D:2      | 97 ||| UPGRADING to +0 scale mail.
   107 | D:2      | 107 ||| DROPPING +0 leather armour.
   108 | D:2      | 108 ||| DROPPING scroll of butterflies.
   110 | D:2      | 110 ||| FLEEEEING.
   111 | D:2      | 111 ||| FLEEEEING.
   206 | D:1      | Reached XP level 3. HP: 20/20 MP: 5/5
   560 | D:1      | 560 ||| UPGRADING to +0 ring mail.
   570 | D:1      | 570 ||| DROPPING +0 scale mail.
   571 | D:1      | 571 ||| READING 2 scrolls labelled OHUATACRING.
   571 | D:1      | 571 ||| IDENTIFYING sapphire potion
   572 | D:1      | 572 ||| READING scroll of identify.
   572 | D:1      | 572 ||| IDENTIFYING 3 fuming inky potions
   573 | D:1      | 573 ||| DROPPING potion of lignification.
   608 | D:2      | Reached skill level 7 in Ranged Weapons
   754 | D:2      | Reached XP level 4. HP: 25/25 MP: 6/6
  1071 | D:2      | Found a faded altar of an unknown god.
  1079 | D:2      | Noticed Terence
  1088 | D:2      | Slain by Terence

Levels and vault maps discovered:
D:1:      amcnicky_arrival_gap_in_the_tavern_cellar, layout_rooms
D:2:      layout_basic, hellmonk_ecumenical_altar_lost_god, minmay_rat_hole,
          uniq_terence

Skill      XL: |  1  2  3 |
---------------+----------+-----
Ranged Weapons | 6 7 |  7.6
Fighting       | |  1.5
Dodging        | |  2.4
Stealth        | |  1.2

Action                     |  1- 3 |  4- 6 || total
---------------------------+-------+-------++-------
   Fire: Shortbow          |   116 |    36 ||   152
    Use: Scroll            |     2 |       ||     2
 Armour: Leather armour    |     4 |       ||     4
         Scale mail        |    38 |       ||    38
         Ring mail         |     9 |     5 ||    14
  Dodge: Dodged            |    28 |     3 ||    31

Table legend:
 A = Non-vault XP
 B = Vault XP
 C = Vault XP percentage of total XP
 D = Non-vault monster count
 E = Vault monster count
 F = Vault count percentage of total count
                 A         B        C        D         E       F
            +---------+---------+-------+---------+---------+-------
      Total |      99 |      20 |  16.8 |      42 |      19 |  31.1
            +---------+---------+-------+---------+---------+-------
        D:1 |      40 |       0 |   0.0 |      21 |       0 |   0.0
        D:2 |      59 |      20 |  25.3 |      21 |      19 |  47.5
            +---------+---------+-------+---------+---------+-------
